 Dungeon Crawl Stone Soup version 0.30-a0-219-gf2db51d15e (webtiles) character file.

Game seed: 14527120559977266774

121 Pooter the Chopper (level 4, -1/61 HPs)
             Began as a Minotaur Berserker on Oct 7, 2022.
             Was a Believer of Trog.
             Slain by a goblin
             ... wielding a +0 dagger
             ... led by Robin
              (3 damage)
             ... on level 3 of the Dungeon.
             The game lasted 00:06:40 (1832 turns).

Pooter the Chopper (Minotaur Berserker)             Turns: 1832, Time: 00:06:41

Health: -1/61      AC:  4    Str: 24    XL:     4   Next: 77%
Magic:  3/3        EV: 11    Int:  4    God:    Trog [**....]
Gold:   33         SH:  0    Dex:  9    Spells: 3/3 levels left

rFire   + . .      SeeInvis .    i - +4 quarterstaff (chaos)
rCold   . . .      Faith    .    (shield currently unavailable)
rNeg    . . .      Spirit   .    c - +0 leather armour {rF+}
rPois   .          Reflect  .    (helmet restricted)
rElec   .          Harm     .    l - +0 cloak
rCorr   .          Rampage  .    (no gloves)
Will    .....                    (no boots)
Stlth   ..........               (no amulet)
HPRegen 0.30/turn                (no ring)
MPRegen 0.08/turn                (no ring)

@: berserking, very quick
A: horns 2, retaliatory headbutt
a: Renounce Religion, Berserk, Trog's Hand


You were on level 3 of the Dungeon.
You worshipped Trog.
Trog was pleased with you.
You visited 1 branch of the dungeon, and saw 3 of its levels.

You collected 77 gold pieces.
You spent 44 gold pieces at shops.

Inventory:

Hand Weapons
 a - a +0 hand axe
 i - a +4 quarterstaff of chaos (weapon)
   (You took it off Crazy Yiuf on level 2 of the Dungeon)
Missiles
 k - 10 poisoned darts (quivered)
 Q - 31 stones
Armour
 c - a +0 leather armour of fire resistance (worn)
   (You took it off a kobold on level 1 of the Dungeon)
 l - a +0 cloak (worn)
   (You found it on level 2 of the Dungeon)
Scrolls
 d - a scroll of blinking {unknown}
 e - a scroll of fear
 f - 2 scrolls of vulnerability {!r}
 j - a scroll of butterflies
 m - a scroll of enchant armour {unknown}
Potions
 b - 3 potions of heal wounds {unknown}
 g - a potion of flight {unknown}
 h - a potion of lignification {unknown}
 n - a potion of might
 o - a potion of berserk rage {unknown}
 p - a potion of cancellation {unknown}


   Skills:
 + Level 4.5 Fighting
 * Level 5.4 Axes
 - Level 2.4 Armour
 - Level 2.1 Dodging
 + Level 1.8 Stealth


You had 3 spell levels left.
You didn't know any spells.
Your spell library was empty.

Dungeon Overview and Level Annotations

Branches:
Dungeon (3/15)

Altars:

Shops:
D:3 !

Annotations:
D:3 3 runed translucent doors, Robin; snackwell's ghost, amateur AtWr


Innate Abilities, Weirdness & Mutations

You have a pair of horns on your head.
You reflexively headbutt those who attack you in melee.


Message History

Trog accepts your kill. The goblin hits you with a +0 dagger.
Robin roars a battlecry!
The goblins go into a battle-frenzy!
The goblin barely misses you. The hobgoblin hits you.
* * * LOW HITPOINT WARNING * * *
The goblin barely misses you. The goblin misses you. You furiously retaliate!
You headbutt the goblin!
You kill the goblin!
Trog accepts your kill. The goblin misses you. You furiously retaliate!
You headbutt the goblin. The goblin hits you with a +0 dagger.
* * * LOW HITPOINT WARNING * * *
The goblin barely misses you. The goblin hits you with a +0 club.
* * * LOW HITPOINT WARNING * * *
The hobgoblin misses you.
Your hobgoblin zombie barely misses the goblin.
A red film seems to cover your vision as you go berserk!
You feel yourself moving faster!
You feel mighty!
The goblin hits your hobgoblin zombie with a +0 club.
Your hobgoblin zombie is destroyed!
The goblin barely misses you. The goblin hits you but does no damage.
The hobgoblin hits you.
* * * LOW HITPOINT WARNING * * *
You barely miss the goblin. The hobgoblin closely misses you.
Robin throws the goblin at you! The goblin hits you with a +0 dagger.
* * * LOW HITPOINT WARNING * * *
The goblin hits you but does no damage. The goblin misses you.
You furiously retaliate!
You headbutt the goblin!
You kill the goblin!
Trog accepts your kill. The goblin hits you with a +0 dagger.
* * * LOW HITPOINT WARNING * * *
You barely miss the hobgoblin. You headbutt the hobgoblin.
The goblin misses you. The hobgoblin completely misses you.
You furiously retaliate!
You headbutt the hobgoblin. The hobgoblin hits you.
* * * LOW HITPOINT WARNING * * *
The goblin closely misses you. You furiously retaliate!
You headbutt the goblin. The goblin closely misses you.
You bludgeon the hobgoblin!! You freeze the hobgoblin.
You kill the hobgoblin!
Trog accepts your kill.
Unknown command.
The hobgoblin hits you but does no damage.
Robin hits you but does no damage. The goblin barely misses you.
You see here a hobgoblin corpse.
You sock Robin!
Robin flickers and vanishes!
Deactivating autopickup; reactivate with Ctrl-A.
Your headbutt misses something. The goblin hits you with a +0 dagger.
You die...

#..##.......
#####..#..........##
##......#...........
##^.................# .
#...................#.. #.
#...................... .
#.....†................ .
#..............{....#.#
#..............@g......
##............ggg.....# #. #.
#.............)......## #.##.
#....................#####....##
#..........................#....
#.................##........#...
#................## #.....#.....
##...........##.## #.#........
##..........##.# #.#........


You could see a hobgoblin (strong) and 3 goblins.

Vanquished Creatures
  Crazy Yiuf (D:2)
  3 adders
  A worm (D:2)
  5 ball pythons
  4 bats
  5 endoplasms
  A giant cockroach (D:1)
  11 goblins
  8 hobgoblins
  4 jackals (D:2)
  3 quokkas (D:2)
  4 kobolds (D:1)
  6 rats
56 creatures vanquished.

Vanquished Creatures (others)
  A hobgoblin zombie (D:3)
1 creature vanquished.

Grand Total: 57 creatures vanquished

Notes
Turn   | Place    | Note
-------+----------+-------------------------------------------
     0 | D:1      | Pooter the Minotaur Berserker began the quest for the Orb.
     0 | D:1      | Reached XP level 1. HP: 19/19 MP: 0/0
    72 | D:1      | Reached skill level 4 in Axes
    74 | D:1      | Reached XP level 2. HP: 15/27 MP: 1/1
   430 | D:1      | Reached ** piety under Trog
   431 | D:1      | Reached skill level 1 in Stealth
   466 | D:1      | Reached XP level 3. HP: 33/33 MP: 2/2
  1184 | D:2      | Found a runed translucent door.
  1185 | D:2      | Noticed Crazy Yiuf
  1545 | D:2      | Killed Crazy Yiuf
  1546 | D:2      | Reached skill level 5 in Axes
  1546 | D:2      | Reached XP level 4. HP: 41/41 MP: 3/3
  1741 | D:3      | Found a runed translucent gate.
  1741 | D:3      | Found a runed translucent gate.
  1741 | D:3      | Found a runed translucent gate.
  1743 | D:3      | Noticed snackwell's ghost (amateur AtWr)
  1782 | D:3      | Found Qegutwy's Distillery.
  1788 | D:3      | Bought a potion of might for 44 gold pieces
  1821 | D:3      | Noticed Robin
  1829 | D:3      | HP: 2/61 [hobgoblin[Robin] (3)]
  1832 | D:3      | Slain by a goblin

Illustrated notes

Levels and vault maps discovered:
D:1:      reono_arrival_mine, layout_loops_ring, minmay_misc_feat_ornament
D:2:      layout_loops_ring, uniq_crazy_yiuf_cottage
D:3:      layout_rooms, mainiacjoe_overflow_paths, serial_shops, shop,
          ebering_ghost_rock_garden, uniq_robin

Skill      XL: |  1  2  3 |
---------------+----------+-----
Axes           | 4 5 |  5.4
Fighting       | 4 |  4.5
Stealth        | 1 |  1.8
Armour         | |  2.4
Dodging        | |  2.1

Action                   |  1- 3 |  4- 6 || total
-------------------------+-------+-------++-------
Melee: Hand axe          |    94 |       ||    94
       Headbutt          |    13 |     2 ||    15
       Quarterstaff      |       |    18 ||    18
Invok: Berserk           |     1 |     1 ||     2
       Trog's Hand       |     1 |       ||     1
  Use: Scroll            |     3 |       ||     3
 Stab: Sleeping          |     1 |       ||     1
Armor: Animal skin       |     2 |       ||     2
       Leather armour    |    12 |    13 ||    25
Dodge: Dodged            |    42 |    23 ||    65

Table legend: (Time is in decaauts)
 A = Elapsed time spent in this place.
 B = Non-inter-level travel time spent in this place.
 C = Inter-level travel time spent in this place.
 D = Time resting spent in this place.
 E = Time spent auto-exploring this place.
 F = Levels seen in this place.
 G = Mean time per level.
                   A        B        C        D        E       F      G
               +--------+--------+--------+--------+--------+-----+--------+
         Total |   1851 |   1788 |     63 |     46 |   1398 |   3 |  617.0 |
       Dungeon |   1851 |   1788 |     63 |     46 |   1398 |   3 |  617.0 |
               +--------+--------+--------+--------+--------+-----+--------+

Top non-repeatable levels by time:
     D:2: 893 daAuts
     D:1: 760 daAuts
     D:3: 198 daAuts
